 Dungeon Crawl Stone Soup version 0.25-a0-589-g1e14c549ee (webtiles) character file.

Game seed: 9151240915290876265, levelgen mode: deterministic

2026 An17 the Grappler (level 9, -1/66 HPs)
             Began as a Purple Draconian Transmuter on Mar 10, 2020.
             Was a Believer of Qazlal.
             Killed by divine providence
             ... invoked by an orc priest
              (8 damage)
             ... on level 6 of the Dungeon.
             The game lasted 00:17:23 (4548 turns).

An17 the Grappler (Purple Draconian Transmuter)     Turns: 4548, Time: 00:17:25

Health: -1/66      AC:  9    Str: 14    XL:     9   Next: 3%
Magic:  17/17      EV: 19    Int: 16    God:    Qazlal [**....]
Gold:   323        SH:  2    Dex: 11    Spells: 4/19 levels left

rFire    x . .     SeeInvis .     - Unarmed
rCold    + . .     Gourm    .   (no shield)
rNeg     . . .     Faith    .   (armour unavailable)
rPois    .         Spirit   .   (helmet restricted)
rElec    .         Reflect  .   e - +0 cloak
rCorr    .         Harm     .   n - +0 pair of gloves (curse)
MR       +....                  (boots currently unavailable)
Stlth    +.........             (no amulet)
HPRegen  0.21/turn              i - +5 ring of evasion
MPRegen  0.15/turn              k - ring of ice

@: appendage
A: breathe power, unfitting armour, stinger 1, talons 3, evolution 1,
cold-blooded, AC +7
a: Breathe Dispelling Energy, End Transformation, Upheaval, Renounce Religion


You were on level 6 of the Dungeon.
You worshipped Qazlal.
Qazlal was pleased with you.
You were very hungry.
You had grown temporary talons.
You visited 1 branch of the dungeon, and saw 6 of its levels.

You collected 323 gold pieces.

Inventory:

Missiles
 a - 47 arrows
 g - 7 boomerangs (quivered)
 h - 2 curare-tipped darts
Armour
 e - a +0 cloak (worn)
 n - a cursed +0 pair of gloves (worn)
Jewellery
 i - a +5 ring of evasion (left hand)
 j - an uncursed ring of poison resistance
 k - a ring of ice (right hand)
Scrolls
 b - a scroll of remove curse
 f - 2 scrolls of magic mapping
 l - 2 scrolls of amnesia
 m - a scroll of teleportation
 o - a scroll of identify
Potions
 d - 2 potions of cancellation
Comestibles
 c - 7 rations


   Skills:
 + Level 1.6 Fighting
 + Level 5.7 Dodging
 + Level 8.5 Unarmed Combat
 + Level 5.5 Spellcasting
 + Level 4.0 Transmutations
 + Level 1.1 Ice Magic
 + Level 1.5 Poison Magic


You had 4 spell levels left.
You knew the following spells:

 Your Spells              Type           Power        Failure   Level  Hunger
a - Beastly Appendage     Tmut           ###...       2%          1    None
b - Sticks to Snakes      Tmut           ###.....     4%          2    #......
c - Spider Form           Tmut/Pois      ##........   14%         3    ###....
d - Ice Form              Ice/Tmut       ###.....     45%         4    ####...
e - Blade Hands           Tmut           ###.......   61%         5    ######.

Your spell library contained the following spells:

 Spells                   Type           Power        Failure   Level  Hunger
 Corona                   Hex            #......      14%         1    None
 Slow                     Hex            #.......     22%         2    #......
 Inner Flame              Hex/Fire       #.......     41%         3    ###....
 Portal Projectile        Hex/Tloc       #.....       41%         3    ###....
 Cause Fear               Hex            #.........   82%         4    ####...
 Leda's Liquefaction      Hex/Erth       #.........   82%         4    ####...


Dungeon Overview and Level Annotations

Branches:
Dungeon (6/15)
 Temple: D:4-7

Altars:
Ashenzari
Dithmenos
Fedhas
Makhleb
Qazlal
Ru

Shops:
D:5 ?=(*!


Innate Abilities, Weirdness & Mutations

You can breathe bolts of dispelling energy.
Your rich purple scales are hard. (AC +7)
You cannot fit into any form of body armour.
You are cold-blooded and may be slowed by cold attacks.
Your tail ends in a poisonous barb.
You have claws for feet.
You evolve.


Message History

You kill the shadow imp!
Qazlal accepts your kill. The orc priest misses you.
You barely miss the orc priest.
You hear a shout!
An orc priest comes into view. It is wielding a +0 dagger.
The orc priest barely misses you.
You punch the orc priest! You claw the orc priest.
You kill the orc priest!
Qazlal accepts your kill.
The orc wizard points at you and mumbles some strange words.
The magic dart hits you but does no damage.
The orc wizard completely misses you.
You punch the orc priest!
You claw the orc priest, but do no damage.
The orc priest is severely wounded.
The orc wizard hits you but does no damage.
The orc priest invokes the aid of Beogh against you.
Beogh smites you!
You die...

#......##... #.....##...
##.....#... #..........
##..#.......
##..####..... ##..##
#...†.. ##########...#
##.....<
##....o@......###.......
#......o).........#.#...
#....#####........#..#..
#... ##......####... #..
###....# #..# #. ###..#
#... # ..# ##.. .. ##.
##


You could see an orc priest and an orc wizard.

Vanquished Creatures
  A two-headed ogre (D:5)
  Prince Ribbit (D:5)
  An orc warrior (D:6)
  An ogre (D:5)
  A phantom (D:5)
  A bullfrog (D:6)
  4 scorpions
  A crimson imp (D:5)
  A bullfrog zombie (D:5)
  A centaur zombie (D:5)
  2 hounds (D:5)
  3 orc priests
  An iguana (D:3)
  6 orc wizards
  2 worker ants
  A worker ant zombie (D:5)
  Robin (D:2)
  8 adders
  A shadow imp (D:6)
  2 oozes
  A worm (D:3)
  3 leopard geckos
  11 orcs
  8 bats
  3 giant cockroaches
  13 goblins
  5 hobgoblins
  12 jackals
  5 kobolds
  A quokka (D:4)
  2 ball pythons
  7 frilled lizards
  A leopard gecko skeleton (D:4)
  12 rats
124 creatures vanquished.

Vanquished Creatures (collateral kills)
  A worm (D:2)
1 creature vanquished.

Grand Total: 125 creatures vanquished

Notes
Turn   | Place    | Note
-------+----------+-------------------------------------------
     0 | D:1      | An17 the Draconian Transmuter began the quest for the Orb.
     0 | D:1      | Reached XP level 1. HP: 16/16 MP: 3/3
   300 | D:1      | Reached XP level 2. HP: 22/23 MP: 5/5
   304 | D:1      | Learned a level 2 spell: Sticks to Snakes
  1144 | D:2      | Reached XP level 3. HP: 28/28 MP: 7/7
  1149 | D:2      | Learned a level 3 spell: Spider Form
  1357 | D:2      | Reached XP level 4. HP: 34/35 MP: 6/8
  1429 | D:2      | Noticed Robin
  1446 | D:2      | Killed Robin
  1459 | D:2      | Reached skill level 4 in Unarmed Combat
  1841 | D:3      | Found a shadowy altar of Dithmenos.
  1842 | D:3      | Found a blossoming altar of Fedhas.
  1893 | D:3      | Found a shattered altar of Ashenzari.
  1934 | D:3      | Found a burning altar of Makhleb.
  2108 | D:3      | Reached XP level 5. HP: 39/40 MP: 9/9
  2113 | D:3      | Found a stormy altar of Qazlal.
  2124 | D:3      | Became a worshipper of Qazlal Stormbringer
  2175 | D:3      | Found a sacrificial altar of Ru.
  2852 | D:4      | Learned a level 4 spell: Ice Form
  3078 | D:4      | Reached XP level 6. HP: 19/47 MP: 8/11
  3391 | D:5      | Entered Level 5 of the Dungeon
  3405 | D:5      | Reached skill level 5 in Unarmed Combat
  3453 | D:5      | Reached * piety under Qazlal
  3453 | D:5      | Reached skill level 1 in Poison Magic
  3503 | D:5      | Your scales start taking on a rich purple colour.
  3503 | D:5      | Reached XP level 7. HP: 5/52 MP: 7/13
  3602 | D:5      | Found Bocudija's Antique Weapon Boutique.
  3636 | D:5      | Gained mutation: You evolve. [potion of mutation]
  3636 | D:5      | Gained mutation: Your tail ends in a poisonous barb.
                  | [potion of mutation]
  3711 | D:5      | Reached skill level 6 in Unarmed Combat
  3724 | D:5      | Found Duceicis's Assorted Antiques.
  3774 | D:5      | Found Puqox's Jewellery Boutique.
  3803 | D:5      | Noticed Prince Ribbit
  3823 | D:5      | Noticed a two-headed ogre
  3968 | D:5      | Found Zunir Rer's Distillery.
  4066 | D:5      | Killed a two-headed ogre
  4066 | D:5      | Reached skill level 5 in Dodging
  4066 | D:5      | Reached skill level 7 in Unarmed Combat
  4066 | D:5      | Reached skill level 5 in Spellcasting
  4066 | D:5      | Reached XP level 8. HP: 11/59 MP: 11/15
  4075 | D:5      | Killed Prince Ribbit
  4075 | D:5      | Reached skill level 8 in Unarmed Combat
  4075 | D:5      | Reached skill level 1 in Ice Magic
  4088 | D:5      | Learned a level 5 spell: Blade Hands
  4170 | D:5      | Found Laixa's Magic Scroll Shop.
  4433 | D:6      | HP: 3/70 [orc wizard/+0 dagger of venom (1)]
  4519 | D:6      | Reached ** piety under Qazlal
  4519 | D:6      | Reached XP level 9. HP: 15/66 MP: 15/17
  4548 | D:6      | Killed from afar by an orc priest

Levels and vault maps discovered:
D:1:      nzn_arrival_settlement, layout_basic
D:2:      layout_loops_ring, uniq_robin
D:3:      layout_loops_corners, ashenzari_conservatory_becter,
          marbit_many_paths, bloody_makhleb, grunt_temple_overflow_open,
          first_ration, minmay_misc_feat_tower, nicolae_qazlal_eye_of_the_storm
D:4:      layout_cave_pods
D:5:      layout_gridville, serial_shops, shop, shop, shop, nicolae_shop_trees,
          nicolae_shop_crystal, uniq_prince_ribbit1
D:6:      layout_layer_cave, kennysheep_mini, nicolae_ossuary_entry_monument,
          minmay_misc_feat_tiny, uniq_eustachio, uniq_blork_the_orc

Skill      XL: |  1  2  3  4  5  6  7  8 |
---------------+-------------------------+-----
Dodging        | 2 3 5 |  5.7
Unarmed Combat | 4 5 7 8 |  8.5
Spellcasting   | 3 4 5 |  5.5
Transmutations | 3 4 |  4.0
Poison Magic   | 1 |  1.5
Ice Magic      | 1 |  1.1
Fighting       | |  1.6

Action                   |  1- 3 |  4- 6 |  7- 9 || total
-------------------------+-------+-------+-------++-------
Melee: Unarmed           |   101 |   223 |   127 ||   451
       Tailslap          |    10 |    10 |    10 ||    30
       Headbutt          |     2 |     6 |     2 ||    10
       Kick              |     2 |    10 |     9 ||    21
       Punch             |       |     2 |     1 ||     3
 Cast: Beastly Appendage |     9 |    13 |     9 ||    31
       Sticks to Snakes  |     2 |       |       ||     2
       Spider Form       |       |     5 |     1 ||     6
       Ice Form          |       |       |     2 ||     2
 Abil: Breathe Dispellin |       |       |     1 ||     1
  Use: Scroll            |     3 |     5 |     1 ||     9
       Potion            |       |       |     5 ||     5
 Stab: Sleeping          |       |     1 |       ||     1
  Eat: Ration            |     1 |     2 |     1 ||     4
Armor: Skin              |    30 |    44 |    27 ||   101
Dodge: Dodged            |    74 |   214 |   123 ||   411
Block: Other             |       |     1 |     8 ||     9

Table legend:
 A = Non-vault XP
 B = Vault XP
 C = Vault XP percentage of total XP
 D = Non-vault monster count
 E = Vault monster count
 F = Vault count percentage of total count
                 A         B        C        D         E       F
            +---------+---------+-------+---------+---------+-------
      Total |    2607 |     288 |   9.9 |     115 |      10 |   8.0
            +---------+---------+-------+---------+---------+-------
        D:1 |      20 |       0 |   0.0 |      12 |       0 |   0.0
        D:2 |      91 |      28 |  23.5 |      24 |       8 |  25.0
        D:3 |     105 |       5 |   4.5 |      25 |       1 |   3.8
        D:4 |     236 |       0 |   0.0 |      20 |       0 |   0.0
        D:5 |    1759 |     255 |  12.7 |      23 |       1 |   4.2
        D:6 |     396 |       0 |   0.0 |      11 |       0 |   0.0
            +---------+---------+-------+---------+---------+-------
